 Dungeon Crawl Stone Soup version 0.32-a0-818-gb728d0252e (webtiles) character file.

Game seed: 5528711260880419893

22 hellokittymahmut the Conjurer (level 2, -9/15 HPs)
             Began as a Deep Elf Conjurer on Mar 24, 2024.
             Mangled by a gnoll
             ... wielding a +0 flail
              (10 damage)
             ... on level 2 of the Dungeon.
             The game lasted 00:22:51 (5127 turns).

hellokittymahmut the Conjurer (Deep Elf Conjurer)   Turns: 5127, Time: 00:22:51

Health: -9/15      AC:  2    Str:  4    XL:     2   Next: 68%
Magic:  3/8        EV: 11    Int: 22    God:
Gold:   53         SH:  0    Dex: 13    Spells: 4/7 levels left

rFire   . . .        h - +0 short sword
rCold   . . .        (no shield)
rNeg    . . .        a - +0 robe
rPois   +            (no helmet)
rElec   .            (no cloak)
rCorr   .            (no gloves)
SInv    .            (no boots)
Will    .....        (no amulet)
Stlth   ++           d - ring of poison resistance
HPRegen 0.22/turn    (no ring)
MPRegen 0.11/turn

%: no passive effects
@: no status effects
A: no striking features
a: no special abilities


You were on level 2 of the Dungeon.
You visited 1 branch of the dungeon, and saw 2 of its levels.

You collected 53 gold pieces.

Inventory:

Hand Weapons
 f - a +0 dagger
 h - a +0 short sword (weapon)
 k - a +0 club
 p - a +0 short sword
 q - a +0 dagger
Missiles
 g - 54 stones
 l - 2 javelins
Armour
 a - a +0 robe (worn)
 j - a +0 robe
 m - a +0 pair of boots
 t - a +0 leather armour
Jewellery
 d - a ring of poison resistance (left hand)
Scrolls
 e - a scroll of teleportation
 n - a scroll of vulnerability {unknown}
 o - a scroll of identify {unknown}
 s - a scroll of immolation
Potions
 b - a potion of magic
 c - a potion of curing {unknown}
 i - a potion of haste {unknown}
 r - a potion of mutation {unknown}


   Skills:
 + Level 2.5 Dodging
 + Level 2.8 Stealth
 + Level 3.1 Spellcasting
 + Level 5.0 Conjurations


You had 4 spell levels left.
You knew the following spells:

 Your Spells              Type           Power      Damage    Failure   Level
a - Magic Dart            Conj           100%       1d8       1%          1
b - Searing Ray           Conj           50%        2d6       2%          2

Your spell library contained the following spells:

 Spells                   Type           Power      Damage    Failure   Level
 Fulminant Prism          Conj/Alch      7%         3d7       41%         4
 Iskenderun's Mystic Bla  Conj/Tloc      14%        2d5       41%         4


Dungeon Overview and Level Annotations

Branches:
Dungeon (2/15)

Altars:

Annotations:
D:2 Robin


Message History

The hobgoblin hits you but does no damage.
The goblin barely misses you. The goblin hits you with a +0 club.
* * * LOW HITPOINT WARNING * * *
The hobgoblin hits you but does no damage.
The hobgoblin barely misses you.
Your surroundings suddenly seem different.
An adder and a gnoll come into view.
Found a scroll labelled LAS YVODDI and a leather armour.
The gnoll shouts!
You hear an angry hiss.
You hear a shout! x2
You hear an angry hiss.
Casting: Searing Ray (safe; 2% risk of failure)
Confirm with . or Enter, or press ? or * to list all spells.
Aiming: Searing Ray (safe; 2% risk of failure)
Press: ? - help, Shift-Dir - straight line, f - adder
Aim: an adder (wandering, hasn't noticed you, 66% to hit)
The searing ray misses the adder. (Press . to maintain the ray.)
The adder hisses angrily.
The adder bites you but does no damage.
Unknown command.
Casting: Searing Ray (safe; 2% risk of failure)
Confirm with . or Enter, or press ? or * to list all spells.
Restarting spell: Searing Ray (safe; 2% risk of failure)
Press: ? - help, Shift-Dir - straight line, f/p - adder
Aim: an adder (66% to hit)
The searing ray hits the adder!
The adder is almost dead. (Press . to maintain the ray.)
The adder barely misses you.
You closely miss the adder.
The adder is almost dead.
The adder closely misses you.
An adder comes into view.
A frilled lizard comes into view.
The adder bites you.
* * * LOW HITPOINT WARNING * * *
The gnoll attacks as it pursues you! The gnoll hits you with a +0 flail!
Ouch! That really hurt!
You die...

.#.#
###########
....
#..[......#
##.#
+.........#
....
#.........#
.#.#
#......@..#
#.....gS..#
#.........#
?l#....##...#
#.##S ##.# #
.. .. ... .
.. ##. #.. ##
# #. #..
####. #. ##
....


You could see a gnoll, 2 adders and a frilled lizard (wandering).

Vanquished Creatures
  3 bats (D:1)
  A goblin (D:1)
  2 hobgoblins (D:1)
  5 kobolds (D:1)
  A quokka (D:1)
  2 ball pythons
  A frilled lizard (D:1)
  7 rats (D:1)
22 creatures vanquished.

Notes
Turn   | Place    | Note
-------+----------+-------------------------------------------
     0 | D:1      | hellokittymahmut the Deep Elf Conjurer began the quest for
                  | the Orb.
     0 | D:1      | Reached XP level 1. HP: 10/10 MP: 6/6
  2065 | D:1      | Reached XP level 2. HP: 15/15 MP: 2/8
  2437 | D:1      | Learned a level 2 spell: Searing Ray
  3614 | D:1      | Reached skill level 5 in Conjurations
  5001 | D:1      | Glimpsed the power of Zot.
  5030 | D:2      | Found a faded altar of an unknown god.
  5116 | D:2      | Noticed Robin
  5127 | D:2      | Mangled by a gnoll

Illustrated notes

Levels and vault maps discovered:
D:1:      dpeg_arrival_windows_large_door, layout_loops_ring
D:2:      layout_basic, hellmonk_ecumenical_altar_blasted, uniq_robin

Skill      XL: |  1  2 |
---------------+-------+-----
Conjurations   | 5 |  5.0
Dodging        | |  2.5
Stealth        | |  2.8
Spellcasting   | |  3.1

Action                     || total
---------------------------++-------
  Melee: Short sword       ||     8
   Cast: Magic Dart        ||    27
         Searing Ray       ||     7
    Use: Scroll            ||     2
   Stab: Sleeping          ||     1
 Armour: Robe              ||    21
  Dodge: Dodged            ||    18

Table legend: (Time is in decaauts)
 A = Elapsed time spent in this place.
 B = Non-inter-level travel time spent in this place.
 C = Inter-level travel time spent in this place.
 D = Time resting spent in this place.
 E = Time spent auto-exploring this place.
 F = Levels seen in this place.
 G = Mean time per level.
                   A        B        C        D        E       F      G
               +--------+--------+--------+--------+--------+-----+--------+
         Total |   5125 |   5123 |      2 |   3936 |     75 |   2 | 2562.5 |
       Dungeon |   5125 |   5123 |      2 |   3936 |     75 |   2 | 2562.5 |
               +--------+--------+--------+--------+--------+-----+--------+

Top non-repeatable levels by time:
     D:1: 5005 daAuts
     D:2: 120 daAuts
